 Dungeon Crawl Stone Soup version 0.16-a0-3458-g6d2551d (webtiles) character file.

93 NewYearsCrawler the Chopper (level 4, -15/35 HPs)
             Began as a Formicid Fighter on Jan 1, 2015.
             Demolished by a gnoll
             ... wielding a +0 halberd
              (24 damage)
             ... on level 3 of the Dungeon.
             The game lasted 00:06:46 (2211 turns).

NewYearsCrawler the Chopper (Formicid Fighter)      Turns: 2211, Time: 00:06:46

Health: -15/35     AC:  6    Str: 22    XL:     4   Next: 92%
Magic:  5/5        EV:  8    Int: 12    God:
Gold:   62         SH:  9    Dex: 10    Spells: 0 memorised, 3 levels left

rFire  . . .     SeeInvis +     a - +0 war axe
rCold  . . .     Clarity  .     b - +0 scale mail
rNeg   . . .     SustAb   .     c - +0 shield
rPois  .         Gourm    .     (helmet unavailable)
rElec  .         Spirit   .     (no cloak)
rCorr  .         Warding  .     (no gloves)
rMut   .         Stasis   +     (no boots)
MR     .....                    (no amulet)
Stlth  ..........               (no ring)
                                (no ring)

@: brilliant, not resistant to hostile enchantments, extremely unstealthy
A: permanent stasis, dig shafts and tunnels, four strong arms, antennae 3
a: Dig, Shaft Self


You were on level 3 of the Dungeon.
You were not hungry.

You visited 1 branch of the dungeon, and saw 3 of its levels.

You collected 62 gold pieces.

Inventory:

Hand weapons
 a - a +0 war axe (weapon)
 j - a +0 dagger of venom
Armour
 b - a +0 scale mail (worn)
 c - a +0 shield (worn)
Jewellery
 n - an uncursed ring of flight {unknown}
Scrolls
 g - 3 scrolls of identify {unknown}
 h - a scroll of teleportation {unknown}
 k - 4 scrolls of enchant armour {unknown}
 m - 4 scrolls of remove curse {unknown}
 p - a scroll of immolation {unknown}
Potions
 e - a potion of might
 o - a potion of cure mutation
 q - a potion of agility
Comestibles
 d - 3 bread rations
 f - a beef jerky
 i - a royal jelly
 l - a meat ration


   Skills:
 - Level 3.2 Fighting
 * Level 4.6 Axes
 - Level 3.2 Armour
 - Level 3.6 Shields


You had 3 spell levels left.
You didn't know any spells.

Dungeon Overview and Level Annotations

Branches:
Dungeon (3/15)

Altars:
Dithmenos
Makhleb
Vehumet
The Shining One


Innate Abilities, Weirdness & Mutations

You are under a permanent stasis effect.
You can dig through walls and to a lower floor.
Your four strong arms can wield two-handed weapons with a shield.
You have a pair of large antennae on your head (SInv).


Message History

The gnoll is almost dead.
The gnoll barely misses you.
You hit the gnoll but do no damage.
The gnoll is almost dead.
You block the gnoll's attack.
Drink which item? (? for menu, Esc to quit)
It was a potion of cure mutation.
It has a very clean taste.
You block the gnoll's attack.
Drink which item? (? for menu, Esc to quit)
It was a potion of brilliance.
You feel clever all of a sudden. The gnoll barely misses you.
Press: ? - help, v - describe, . - travel
Here: a gnoll, wielding a halberd (almost dead, unusually strong)
The floor, spattered with blood.
You barely miss the gnoll.
The gnoll is almost dead.
The gnoll hits you with a halberd!!
Ouch! That really hurt!
You die...

#............>.#.#
#.####...........#
##........#.
#.......##
#######.# #.#
##'## ##...##
#..@..# #..g....#
#.........#
..'.........+
###.........#
##)......##
##.....## ##...##
#+##


You could see a gnoll.

Vanquished Creatures
  2 adders (D:2)
  A gnoll (D:3)
  A worm (D:2)
  A giant gecko (D:3)
  An ooze (D:1)
  2 ball pythons
  6 bats
  4 goblins
  7 hobgoblins
  4 jackals (D:2)
  3 quokkas (D:2)
  3 giant cockroaches (D:1)
  7 giant newts
  8 kobolds
  11 rats
61 creatures vanquished.

Notes
Turn   | Place    | Note
--------------------------------------------------------------
     0 | D:1      | NewYearsCrawler, the Formicid Fighter, began the quest for the Orb.
     0 | D:1      | Reached XP level 1. HP: 18/18 MP: 1/1
   186 | D:1      | Reached XP level 2. HP: 14/24 MP: 3/3
   401 | D:1      | Found a glowing golden altar of the Shining One.
   561 | D:1      | Reached XP level 3. HP: 20/29 MP: 4/4
  1465 | D:2      | Found a burning altar of Makhleb.
  1466 | D:2      | Found a radiant altar of Vehumet.
  1695 | D:2      | Reached skill level 4 in Axes
  1695 | D:2      | Reached XP level 4. HP: 33/35 MP: 5/5
  1831 | D:2      | Found a shadowy altar of Dithmenos.
  2211 | D:3      | Demolished by a gnoll

Action                   |  1- 3 |  4- 6 || total
-------------------------+-------+-------++-------
Melee: War axe           |   133 |    52 ||   185
  Use: Potion            |     3 |     2 ||     5
  Eat: Chunk             |     3 |     1 ||     4
